 Dungeon Crawl Stone Soup version 0.26-a0-651-gb41185065b (webtiles) character file.

Game seed: 1368105701098936892

352 tilp the Covert (level 6, -9/28 HPs)
             Began as a Spriggan Enchanter on Oct 26, 2020.
             Mangled by Edmund
             ... wielding a +5 flail of draining
              (10 damage)
             ... on level 4 of the Dungeon.
             The game lasted 00:07:41 (4162 turns).

tilp the Covert (Spriggan Enchanter)                Turns: 4162, Time: 00:07:41

Health: -9/28      AC:  5    Str:  4    XL:     6   Next: 34%
Magic:  3/11       EV: 17    Int: 19    God:
Gold:   310        SH:  0    Dex: 16    Spells: 2/11 levels left

rFire    + . .     SeeInvis +   a - +2 dagger (vamp)
rCold    + . .     Faith    .   (shield restricted)
rNeg     . . .     Spirit   .   e - +1 robe {rC+}
rPois    .         Reflect  .   d - +2 hat
rElec    .         Harm     .   (no cloak)
rCorr    .         Rampage  .   (gloves unavailable)
MR       +....                  (boots unavailable)
Stlth    ++++......             (no amulet)
HPRegen  0.09/turn              m - ring of protection from fire
MPRegen  0.12/turn              (no ring)

@: very slightly contaminated, drained, very quick
A: very small, unfitting armour, see invisible, speed 3
a: no special abilities


You were on level 4 of the Dungeon.
You visited 1 branch of the dungeon, and saw 4 of its levels.

You collected 310 gold pieces.

Inventory:

Hand Weapons
 a - a +2 vampiric dagger (weapon)
 b - a +2 dagger of holy wrath
 q - a cursed -1 short sword
 y - a +1 dagger
Missiles
 f - 15 poisoned darts (quivered)
Armour
 d - a +2 hat (worn)
 e - a +1 robe of cold resistance (worn)
Magical Staves
 B - an uncursed staff of cold {unknown}
 D - an uncursed staff of fire {unknown}
Jewellery
 m - a ring of protection from fire (left hand)
 o - an uncursed ring of ice
Wands
 w - a wand of digging (5)
Scrolls
 h - 4 scrolls of remove curse
 p - a scroll of immolation {unknown}
 r - 2 scrolls of enchant armour {unknown}
 u - a scroll of teleportation {unknown}
 x - 2 scrolls of identify {unknown}
 z - a scroll of random uselessness {unknown}
 A - a scroll of fear {unknown}
 C - a scroll of blinking {unknown}
Potions
 c - 3 potions of heal wounds {unknown}
 g - a potion of haste {unknown}
 i - a potion of stabbing {unknown}
 j - a potion of cancellation {unknown}
 k - a potion of magic {unknown}
 l - a potion of brilliance {unknown}
 n - a potion of lignification {unknown}
 s - a potion of degeneration {unknown}
 t - a potion of resistance
 v - 3 potions of curing {unknown}


   Skills:
 - Level 5.0(4.3) Short Blades
 - Level 3.0(2.3) Dodging
 - Level 8.0(7.2) Stealth
 + Level 3.1(2.5) Spellcasting
 + Level 4.0(3.3) Hexes


You had 2 spell levels left.
You knew the following spells:

 Your Spells              Type           Power        Failure   Level
a - Corona                Hex            ###....      4%          1
b - Ensorcelled Hibernat  Hex/Ice        #.....       12%         2
c - Confusing Touch       Hex            ###.....     12%         3
d - Tukima's Dance        Hex            ###.....     12%         3

Your spell library contained the following spells:

 Spells                   Type           Power        Failure   Level
 Dazzling Flash           Conj/Hex       #.....       24%         3


Dungeon Overview and Level Annotations

Branches:
Dungeon (4/15)             Temple (0/1) D:4

Altars:
Ashenzari
Gozag
Nemelex Xobeh
Trog
Yredelemnul

Annotations:
D:4 1 runed translucent door, Crazy Yiuf, Edmund


Innate Abilities, Weirdness & Mutations

You are very small and have problems with some larger weapons.
You are too small for most types of armour.
You have supernaturally acute eyesight. (SInv)
You cover ground extremely quickly.


Message History

Casting: Confusing Touch (quite dangerous; 9% risk of failure)
Confirm with . or Enter, or press ? or * to list all spells.
The spell is quite dangerous to cast (9% risk of failure)!
Continue anyway?
Your hands begin to glow red.
Edmund hits you with a +5 flail of draining!
You feel drained.
You hit Edmund but do no damage.
Edmund is almost dead.
You hit Edmund but do no damage.
Edmund is almost dead.
Edmund hits you with a +5 flail of draining!
* * * LOW HITPOINT WARNING * * *
You feel drained.
* * * LOW HITPOINT WARNING * * *
You hit Edmund but do no damage.
Edmund appears confused.
Edmund is almost dead.
You hit Edmund but do no damage.
Edmund is almost dead.
Edmund hits you with a +5 flail of draining!
You die...

#.#.# #=#.#
#. .. ...
#.#.# #.#.#
..>. #.#.###
#.#.......
#.#...##
#.#.#..... .
## #......#
#....... ..
.# #####..#
#...#.#.#.#
.# #..#
#@#....... .
#..#
#.@.##.#####
# #####..#
###.........
## #......##
#.########
.#
#.......##
#.# .##
#........#
#.# #.#
#........#
#.# .##
##.......#
#)# ..#
#.......#
#)# ..#
#.....#.#
#.#


You could see Edmund (confused).

Vanquished Creatures
  An ogre (D:4)
  An orc priest (D:2)
  An orc wizard (D:3)
  2 iguanas
  A worker ant zombie (D:3)
  3 adders (D:2)
  An ooze (D:2)
  A worm (D:2)
  2 dart slugs
  2 leopard geckos
  19 orcs
  3 giant cockroaches
  7 goblins
  8 hobgoblins
  10 jackals
  A quokka (D:4)
  A ball python (D:3)
  3 bats
  2 frilled lizards (D:3)
  10 kobolds
  A leopard gecko skeleton (D:4)
  9 rats
89 creatures vanquished.

Vanquished Creatures (others)
  28 plants
28 creatures vanquished.

Grand Total: 117 creatures vanquished

Notes
Turn   | Place    | Note
-------+----------+-------------------------------------------
     0 | D:1      | tilp the Spriggan Enchanter began the quest for the Orb.
     0 | D:1      | Reached XP level 1. HP: 9/9 MP: 5/5
   482 | D:1      | Reached XP level 2. HP: 13/13 MP: 6/6
   486 | D:1      | Learned a level 2 spell: Ensorcelled Hibernation
   553 | D:1      | Reached skill level 5 in Stealth
  1295 | D:2      | Reached XP level 3. HP: 16/16 MP: 5/8
  1341 | D:2      | Learned a level 3 spell: Confusing Touch
  1398 | D:2      | Found a sparkling altar of Nemelex Xobeh.
  1551 | D:2      | Found a sparkling altar of Nemelex Xobeh.
  1572 | D:2      | Reached skill level 6 in Stealth
  1674 | D:2      | Found a basalt altar of Yredelemnul.
  1709 | D:2      | Reached XP level 4. HP: 21/21 MP: 4/9
  1787 | D:2      | Found a broken altar of Ashenzari.
  2313 | D:3      | Reached skill level 7 in Stealth
  2384 | D:3      | Reached XP level 5. HP: 24/24 MP: 7/10
  3429 | D:3      | Found a bloodstained altar of Trog.
  3790 | D:4      | Noticed an ogre
  3814 | D:4      | Killed an ogre
  3814 | D:4      | Reached skill level 5 in Short Blades
  3814 | D:4      | Reached skill level 8 in Stealth
  3814 | D:4      | Reached XP level 6. HP: 28/28 MP: 2/11
  3829 | D:4      | Learned a level 3 spell: Tukima's Dance
  3898 | D:4      | Found an opulent altar of Gozag.
  4102 | D:4      | Found a runed translucent door.
  4103 | D:4      | Noticed Crazy Yiuf
  4146 | D:4      | Noticed Edmund
  4147 | D:4      | Found a staircase to the Ecumenical Temple.
  4160 | D:4      | HP: 1/28 [Edmund/+5 flail of draining (4)]
  4162 | D:4      | Mangled by Edmund

Illustrated notes

Levels and vault maps discovered:
D:1:      saegor_arrival_simple_a, layout_basic, minmay_tall_x
D:2:      layout_loops_ring, nicolae_overflow_crystal_walls,
          lemuel_doored_altar, overflow_temple_1_default, hex_tiny,
          nemelex_xobeh_ov_fountains_minmay
D:3:      layout_loops_cross, lightli_temple_of_fire, chequers_big_river,
          serial_bayou_pond_c
D:4:      layout_loops_ring, grunt_gozag_breadcrumbs, minmay_temple_entry_glass,
          serial_bayou_pond_c, uniq_crazy_yiuf_cottage, uniq_edmund

Skill      XL: |  1  2  3  4  5  6 |
---------------+-------------------+-----
Stealth        | 5 6 7 8 |  8.0
Short Blades   | 2 3 5 |  5.0
Spellcasting   | 3 |  3.1
Hexes          | 4 |  4.0
Dodging        | |  3.0

Action                   |  1- 3 |  4- 6 || total
-------------------------+-------+-------++-------
Melee: Dagger            |   129 |   254 ||   383
 Cast: Corona            |     8 |       ||     8
       Ensorcelled Hiber |     7 |    25 ||    32
       Confusing Touch   |       |     2 ||     2
  Use: Scroll            |     1 |       ||     1
 Stab: Sleeping          |    15 |    22 ||    37
       Distracted        |       |     1 ||     1
       Confused          |       |     1 ||     1
Armor: Robe              |    21 |    32 ||    53
Dodge: Dodged            |    93 |   146 ||   239

Table legend: (Time is in decaauts)
 A = Elapsed time spent in this place.
 B = Non-inter-level travel time spent in this place.
 C = Inter-level travel time spent in this place.
 D = Time resting spent in this place.
 E = Time spent auto-exploring this place.
 F = Levels seen in this place.
 G = Mean time per level.
                   A        B        C        D        E       F      G
               +--------+--------+--------+--------+--------+-----+--------+
         Total |   3145 |   3043 |    102 |    549 |   1683 |   4 |  786.2 |
       Dungeon |   3145 |   3043 |    102 |    549 |   1683 |   4 |  786.2 |
               +--------+--------+--------+--------+--------+-----+--------+

Top non-repeatable levels by time:
     D:3: 1134 daAuts
     D:1: 859 daAuts
     D:2: 733 daAuts
     D:4: 417 daAuts
